 Dungeon Crawl Stone Soup version 0.27-a0-1525-g1038ab4fd7 (webtiles) character file.

Game seed: 12032667426935765994

254 funkygono the Shield-Bearer (level 6, -4/53 HPs)
             Began as a Gnoll Fighter on July 10, 2021.
             Slain by a centaur (5 damage)
             ... on level 4 of the Dungeon.
             The game lasted 00:07:13 (3769 turns).

funkygono the Shield-Bearer (Gnoll Fighter)         Turns: 3769, Time: 00:07:14

Health: -4/53      AC: 16    Str: 16    XL:     6   Next: 15%
Magic:  8/8        EV:  4    Int:  9    God:
Gold:   153        SH: 10    Dex: 11    Spells: 8/8 levels left

rFire    + . .     SeeInvis .   a - +0 long sword
rCold    x . .     Faith    .   c - +0 kite shield
rNeg     . . .     Spirit   .   o - +0 plate armour
rPois    .         Reflect  .   u - +2 helmet
rElec    .         Harm     .   (no cloak)
rCorr    .         Rampage  .   (no gloves)
Will     .....                  (no boots)
Stlth    ..........             (no amulet)
HPRegen  0.17/turn              g - ring of fire
MPRegen  0.11/turn              (no ring)

@: no status effects
A: fangs 1, strong nose, distributed training
a: no special abilities


You were on level 4 of the Dungeon.
You visited 1 branch of the dungeon, and saw 4 of its levels.

You collected 153 gold pieces.

Inventory:

Hand Weapons
 a - a +0 long sword (weapon)
 s - a +1 dagger of venom
 t - a +0 dagger of speed
Missiles
 e - 6 datura-tipped darts
 i - 28 arrows
 m - 5 javelins
 n - 13 poisoned darts (quivered)
 r - 21 bolts
Armour
 b - a +0 scale mail
 c - a +0 kite shield (worn)
 f - a +0 chain mail
 o - a +0 plate armour (worn)
 u - a +2 helmet (worn)
Jewellery
 g - a ring of fire (left hand)
Scrolls
 k - 3 scrolls of torment
 p - 2 scrolls of fog
Potions
 d - a potion of might
 h - a potion of ambrosia {unknown}
 j - 2 potions of magic
 l - a potion of lignification {unknown}
 q - 3 potions of curing


   Skills:
 + Level 6.8 Fighting
 + Level 1.8 Short Blades
 + Level 4.9 Long Blades
 + Level 1.8 Axes
 + Level 1.8 Maces & Flails
 + Level 1.8 Polearms
 + Level 1.8 Staves
 + Level 1.8 Slings
 + Level 1.8 Bows
 + Level 1.8 Crossbows
 + Level 1.8 Throwing
 + Level 6.8 Armour
 + Level 1.8 Dodging
 + Level 1.8 Stealth
 + Level 6.8 Shields
 + Level 1.8 Unarmed Combat
 + Level 1.8 Spellcasting
 + Level 1.4 Conjurations
 + Level 1.4 Hexes
 + Level 1.4 Summonings
 + Level 1.4 Necromancy
 + Level 1.4 Translocations
 + Level 1.4 Transmutations
 + Level 1.4 Fire Magic
 + Level 1.4 Ice Magic
 + Level 1.4 Air Magic
 + Level 1.4 Earth Magic
 + Level 1.4 Poison Magic
 + Level 2.0 Invocations
 + Level 1.8 Evocations


You had 8 spell levels left.
You didn't know any spells.
Your spell library contained the following spells:

 Spells                   Type           Power      Damage    Failure   Level
 Static Discharge         Conj/Air       3%         N/A       100%        2
 Dispel Undead            Necr           3%         3d7       100%        4
 Sticky Flame             Conj/Fire      5%         2d3       100%        4


Dungeon Overview and Level Annotations

Branches:
Dungeon (4/15)
 Temple: D:4-7

Altars:
Zin


Innate Abilities, Weirdness & Mutations

You have very sharp teeth.
Your uncanny sense of smell can sniff out nearby items.
Your experience applies equally to all skills.


Message History

Aim: a centaur, wielding a +0 shortbow and quivering arrows (69% to hit)
You throw a poisoned dart. The poisoned dart hits the centaur.
The centaur is poisoned.
The centaur shoots an arrow.
The arrow hits you but does no damage.
The centaur unwields a +0 shortbow.
The centaur wields a +0 rapier.
The centaur hits you with a +0 rapier. The centaur barely misses you.
You barely miss the centaur.
The centaur is lightly wounded.
The centaur hits you but does no damage.
The centaur kicks you but does no damage.
The centaur hits you with a +0 rapier!
* * * LOW HITPOINT WARNING * * *
The centaur kicks you but does no damage.
You hit the centaur.
The centaur is heavily wounded.
The centaur looks more healthy.
You block the centaur's attack. x2
The centaur hits you but does no damage.
The centaur kicks you but does no damage.
You hit the centaur.
The centaur is severely wounded.
You block the centaur's attack. The centaur barely misses you.
You block the centaur's attack. x2
You barely miss the centaur.
The centaur is severely wounded.
The centaur hits you but does no damage.
The centaur barely misses you. You block the centaur's attack. x2
You barely miss the centaur.
The centaur is severely wounded.
You block the centaur's attack.
The centaur kicks you but does no damage.
The centaur hits you with a +0 rapier.
* * * LOW HITPOINT WARNING * * *
The centaur kicks you but does no damage.
You hit the centaur. Your bite misses the centaur.
The centaur is severely wounded.
The centaur hits you but does no damage.
The centaur kicks you.
* * * LOW HITPOINT WARNING * * *
The centaur hits you with a +0 rapier.
You die...

##. ##.. #.. #.####.
###.# #.....# ...#
[#########.. #..#
...........# #..#
##########.#
###(###..#########...[..
......c............#####
##.###@.###########
#..)# ##...# #.#...#
#?###.# #.# (# #.# ( #.#
. .#


You could see a centaur.

Vanquished Creatures
  An ogre (D:4)
  A hound skeleton (D:4)
  Robin (D:3)
  2 adders
  3 worms
  5 orcs
  6 ball pythons
  4 bats
  6 endoplasms
  5 giant cockroaches
  18 goblins
  6 hobgoblins
  19 jackals
  3 quokkas
  4 frilled lizards (D:1)
  5 kobolds
  21 rats
110 creatures vanquished.

Vanquished Creatures (others)
  A rat (D:2)
  2 fungi (D:4)
  6 plants (D:3)
9 creatures vanquished.

Grand Total: 119 creatures vanquished

Notes
Turn   | Place    | Note
-------+----------+-------------------------------------------
     0 | D:1      | funkygono the Gnoll Fighter began the quest for the Orb.
     0 | D:1      | Reached XP level 1. HP: 23/23 MP: 1/1
   411 | D:1      | Reached XP level 2. HP: 29/29 MP: 2/2
   706 | D:1      | Reached XP level 3. HP: 35/35 MP: 3/3
   915 | D:1      | Reached skill level 1 in Invocations
  1264 | D:2      | Reached skill level 1 in Short Blades
  1264 | D:2      | Reached skill level 1 in Axes
  1264 | D:2      | Reached skill level 1 in Maces & Flails
  1264 | D:2      | Reached skill level 1 in Polearms
  1264 | D:2      | Reached skill level 1 in Staves
  1264 | D:2      | Reached skill level 1 in Slings
  1264 | D:2      | Reached skill level 1 in Bows
  1264 | D:2      | Reached skill level 1 in Crossbows
  1264 | D:2      | Reached skill level 1 in Throwing
  1264 | D:2      | Reached skill level 1 in Dodging
  1264 | D:2      | Reached skill level 1 in Stealth
  1264 | D:2      | Reached skill level 1 in Unarmed Combat
  1264 | D:2      | Reached skill level 1 in Spellcasting
  1264 | D:2      | Reached skill level 1 in Evocations
  1551 | D:2      | Reached XP level 4. HP: 40/41 MP: 5/5
  2245 | D:2      | Reached skill level 1 in Conjurations
  2245 | D:2      | Reached skill level 1 in Hexes
  2245 | D:2      | Reached skill level 1 in Summonings
  2245 | D:2      | Reached skill level 1 in Necromancy
  2245 | D:2      | Reached skill level 1 in Translocations
  2245 | D:2      | Reached skill level 1 in Transmutations
  2245 | D:2      | Reached skill level 1 in Fire Magic
  2245 | D:2      | Reached skill level 1 in Ice Magic
  2245 | D:2      | Reached skill level 1 in Air Magic
  2245 | D:2      | Reached skill level 1 in Earth Magic
  2245 | D:2      | Reached skill level 1 in Poison Magic
  2984 | D:3      | Noticed Robin
  3019 | D:3      | Reached XP level 5. HP: 32/47 MP: 6/6
  3028 | D:3      | Killed Robin
  3202 | D:3      | Found a faded altar of an unknown god.
  3378 | D:3      | Found a glowing silver altar of Zin.
  3526 | D:4      | Noticed an ogre
  3697 | D:4      | Killed an ogre
  3698 | D:4      | Reached XP level 6. HP: 13/53 MP: 8/8
  3769 | D:4      | HP: 1/53 [centaur (3)]
  3769 | D:4      | Slain by a centaur

Illustrated notes

Levels and vault maps discovered:
D:1:      dpeg_cavernosity, layout_basic
D:2:      layout_loops_ring, minmay_rat_hole
D:3:      layout_rooms, mainiacjoe_overflow_alcove_1,
          chequers_ecumenical_altar_lobes, st_stairs_14, hangedman_glass_teeth,
          chequers_serial_rivers_large_a, chequers_decorated_corner, uniq_robin
D:4:      layout_rooms, uniq_crazy_yiuf_cottage

Skill      XL: |  1  2  3  4  5 |
---------------+----------------+-----
Invocations    | 1 2 |  2.0
Short Blades   | 1 |  1.8
Axes           | 1 |  1.8
Maces & Flails | 1 |  1.8
Polearms       | 1 |  1.8
Staves         | 1 |  1.8
Slings         | 1 |  1.8
Bows           | 1 |  1.8
Crossbows      | 1 |  1.8
Throwing       | 1 |  1.8
Dodging        | 1 |  1.8
Stealth        | 1 |  1.8
Unarmed Combat | 1 |  1.8
Spellcasting   | 1 |  1.8
Evocations     | 1 |  1.8
Conjurations   | 1 |  1.4
Hexes          | 1 |  1.4
Summonings     | 1 |  1.4
Necromancy     | 1 |  1.4
Translocations | 1 |  1.4
Transmutations | 1 |  1.4
Fire Magic     | 1 |  1.4
Ice Magic      | 1 |  1.4
Air Magic      | 1 |  1.4
Earth Magic    | 1 |  1.4
Poison Magic   | 1 |  1.4
Fighting       | |  6.8
Long Blades    | |  4.9
Armour         | |  6.8
Shields        | |  6.8

Action                   |  1- 3 |  4- 6 || total
-------------------------+-------+-------++-------
Melee: Long sword        |   148 |   218 ||   366
       Bite              |    11 |    22 ||    33
Throw: Dart              |       |    10 ||    10
  Use: Scroll            |       |     5 ||     5
Armor: Scale mail        |    58 |    29 ||    87
       Plate armour      |       |    76 ||    76
Dodge: Dodged            |    35 |    44 ||    79
Block: Kite shield       |    80 |   142 ||   222
       Rpst.: Long sword |     7 |     8 ||    15

Table legend: (Time is in decaauts)
 A = Elapsed time spent in this place.
 B = Non-inter-level travel time spent in this place.
 C = Inter-level travel time spent in this place.
 D = Time resting spent in this place.
 E = Time spent auto-exploring this place.
 F = Levels seen in this place.
 G = Mean time per level.
                   A        B        C        D        E       F      G
               +--------+--------+--------+--------+--------+-----+--------+
         Total |   3908 |   3778 |    130 |    265 |   2527 |   4 |  977.0 |
       Dungeon |   3908 |   3778 |    130 |    265 |   2527 |   4 |  977.0 |
               +--------+--------+--------+--------+--------+-----+--------+

Top non-repeatable levels by time:
     D:2: 1492 daAuts
     D:1: 1269 daAuts
     D:3: 937 daAuts
     D:4: 208 daAuts
